 Dungeon Crawl Stone Soup version 0.26.1-11-gd32895ea62 (webtiles) character file.

Game seed: 6086360789877812776

242 MrSixtyFour the Magician (level 5, -22/21 (25) HPs)
             Began as a Spriggan Venom Mage on June 29, 2021.
             Was a Plaything of Xom.
             Blown up by a great orb of eyes (43 damage)
             ... with a disintegration bolt
             ... on level 4 of the Dungeon.
             The game lasted 00:26:03 (4217 turns).

MrSixtyFour the Magician (Spriggan Venom Mage)      Turns: 4217, Time: 00:26:03

HP:   -22/21 (25)   AC:  3    Str:  4    XL:     5   Next: 81%
MP:   11/11         EV: 19    Int: 16    God:    Xom [*.....]
Gold: 239           SH:  0    Dex: 22    Spells: 7/13 levels left

rFire    . . .     SeeInvis +   i - +1 dagger
rCold    . . .     Faith    .   (shield restricted)
rNeg     . . .     Spirit   .   a - +0 robe
rPois    .         Reflect  .   (helmet restricted)
rElec    .         Harm     .   n - +0 cloak
rCorr    .         Rampage  .   (gloves unavailable)
Will     .....                  (boots unavailable)
Stlth    +.........             e - amulet of magic regeneration
HPRegen  0.07/turn              q - ring of wizardry
MPRegen  0.37/turn              m - +6 ring of dexterity

@: confused, heavily drained, very quick
A: very small, unfitting armour, see invisible, clumsy 1, deterioration 1, speed
3, low mp 1
a: Renounce Religion


You were on level 4 of the Dungeon.
You worshipped Xom.
You were a special plaything of Xom.
You visited 1 branch of the dungeon, and saw 4 of its levels.

You collected 239 gold pieces.

Inventory:

Hand Weapons
 i - a +1 dagger (weapon)
Missiles
 k - 3 atropa-tipped darts
Armour
 a - a +0 robe (worn)
 n - a +0 cloak (worn)
Jewellery
 e - an amulet of magic regeneration (around neck)
 h - an uncursed ring of resist corrosion
 m - a +6 ring of dexterity (right hand)
 q - a ring of wizardry (left hand)
 r - an uncursed amulet of the acrobat
 t - a +6 ring of strength
Scrolls
 b - 3 scrolls of teleportation
 c - a scroll of remove curse
 d - a scroll of enchant weapon
 g - 8 scrolls of identify
 l - 4 scrolls of amnesia {unknown}
 o - 2 scrolls of blinking
 p - a scroll of magic mapping {unknown}
 s - a scroll of enchant armour {unknown}
Potions
 f - a potion of lignification
 j - 3 potions of brilliance {unknown}
 u - a potion of mutation {unknown}


   Skills:
 + Level 0.6 Fighting
 + Level 1.3 Short Blades
 + Level 3.3 Dodging
 + Level 3.6 Stealth
 + Level 0.1 Unarmed Combat
 + Level 4.6 Spellcasting
 + Level 3.4 Transmutations
 + Level 0.4 Air Magic
 + Level 4.2 Poison Magic


You had 7 spell levels left.
You knew the following spells:

 Your Spells              Type           Power        Failure   Level
a - Sting                 Tmut/Pois      64%          1%          1
b - Poisonous Vapours     Pois/Air       22%          4%          2
c - Ignite Poison         Fire/Tmut/Pois 11%          7%          3

Your spell library contained the following spells:

 Spells                   Type           Power        Failure   Level
 Mephitic Cloud           Conj/Pois/Air  8%           11%         3
 Olgreb's Toxic Radiance  Pois           17%          12%         4


Dungeon Overview and Level Annotations

Branches:
Dungeon (4/15)
 Temple: D:4-7

Altars:
Ashenzari
Cheibriados
Elyvilon
Fedhas
Hepliaklqana
Qazlal
Xom

Annotations:
D:3 1 runed translucent door, MasterNub's ghost, amateur TrBe


Innate Abilities, Weirdness & Mutations

You are very small and have problems with some larger weapons.
You are too small for most types of armour.
You have supernaturally acute eyesight. (SInv)
You cover ground extremely quickly.
You are clumsy. (Dex -2)
Your body sometimes deteriorates upon taking damage.
Your magical capacity is low. (-10% MP)


Message History

Things that are here:
a +0 giant club; a +0 giant spiked club You open the door.
There is an open door here.
There is a stone staircase leading up here.
A great orb of eyes is nearby!
Press: ? - help, v - describe, . - travel
Here: a great orb of eyes (wandering, hasn't noticed you)
An open door.
A great orb of eyes is nearby!
Press: ? - help, v - describe, . - travel The floor.
The great orb of eyes turns its gaze towards you.
The great orb of eyes gazes at you.
You are confused.
The great orb of eyes gazes at you.
You are blasted!
Ouch! That really hurt!
You die...
Xom howls with laughter!

####################......
#.....#........#...#......
#.....'........#...#......
#.....#G..$....#...#......
####'##........#...#......
#.....#........#...'......
#.....#........#...#......
#.....#.......##...#......
#.....#..@....###'#####+#.
#.....#.............# #[
#.....#.............# #.
#.....#.....)<......# #.
#.....#.............# #.
######.....#.............# #.
#..........#.............# #.
#..........##########...## #.
#..........#.......##...######.


You could see a great orb of eyes.

Vanquished Creatures
  A centaur (D:3)
  An orc priest (D:4)
  4 adders
  A worm (D:3)
  4 dart slugs
  A leopard gecko (D:4)
  3 orcs (D:3)
  3 ball pythons
  7 bats
  6 giant cockroaches
  5 goblins
  6 hobgoblins
  4 jackals (D:2)
  4 kobolds
  3 frilled lizards
  4 rats
57 creatures vanquished.

Vanquished Creatures (collateral kills)
  A worker ant (D:4)
1 creature vanquished.

Grand Total: 58 creatures vanquished

Notes
Turn   | Place    | Note
-------+----------+-------------------------------------------
     0 | D:1      | MrSixtyFour the Spriggan Venom Mage began the quest for the
                  | Orb.
     0 | D:1      | Reached XP level 1. HP: 9/9 MP: 5/5
   176 | D:1      | Reached XP level 2. HP: 13/13 MP: 4/7
   719 | D:1      | Reached XP level 3. HP: 12/16 MP: 5/8
  1940 | D:3      | Noticed MasterNub's ghost (amateur TrBe)
  1996 | D:3      | Found a runed translucent door.
  2187 | D:3      | Reached XP level 4. HP: 21/21 MP: 10/10
  2514 | D:3      | Found a bloodstained altar of Trog.
  2518 | D:3      | Found a radiant altar of Vehumet.
  2518 | D:3      | Found a shimmering altar of Xom.
  2520 | D:3      | Found a snail-covered altar of Cheibriados.
  2520 | D:3      | Found a snail-covered altar of Cheibriados.
  2520 | D:3      | Found a glowing silver altar of Zin.
  2612 | D:3      | Became a worshipper of Xom of Chaos
  2720 | D:4      | Noticed a centaur
  2724 | D:3      | XOM: divination: detect creatures
  2795 | D:3      | XOM: silly message
  2940 | D:4      | XOM: smoke on damage
  2942 | D:4      | Reached skill level 1 in Short Blades
  2953 | D:4      | Learned a level 2 spell: Poisonous Vapours
  3022 | D:4      | XOM is BORED!
  3022 | D:4      | XOM: 5-stop teleportation journey
  3026 | D:4      | XOM: cast spell 'Call Canine Familiar'
  3031 | D:4      | Reached XP level 5. HP: 10/25 MP: 7/12
  3236 | D:4      | Noticed a two-headed ogre
  3241 | D:4      | XOM: potion effect (brilliance)
  3247 | D:4      | XOM: potion effect (curing)
  3253 | D:4      | Noticed a ghost moth
  3253 | D:4      | a two-headed ogre changed into a ghost moth
  3253 | D:4      | XOM: polymorph two-headed ogre -> ghost moth
  3257 | D:4      | XOM: scenery: 1 doors close
  3259 | D:4      | XOM: noise
  3263 | D:4      | XOM: torment (14/25 hp)
  3273 | D:4      | XOM: torment (8/25 hp)
  3277 | D:4      | Noticed a great orb of eyes
  3277 | D:4      | a ghost moth changed into a great orb of eyes
  3277 | D:4      | XOM: polymorph ghost moth -> great orb of eyes
  3514 | D:3      | XOM: butterfly on damage
  3530 | D:3      | Killed a centaur
  3544 | D:3      | XOM: give mutations
  3544 | D:3      | Gained mutation: You are clumsy. (Dex -2) [Xom's mischief]
  3544 | D:3      | Gained mutation: Your magical capacity is low. (-10% MP)
                  | [Xom's mischief]
  3875 | D:4      | Learned a level 3 spell: Ignite Poison
  3907 | D:4      | Found a white marble altar of Elyvilon.
  3909 | D:4      | XOM: draining
  4059 | D:4      | XOM: give mutation
  4059 | D:4      | Gained mutation: Your body sometimes deteriorates upon
                  | taking damage. [Xom's mischief]
  4079 | D:4      | Found a snail-covered altar of Cheibriados.
  4091 | D:4      | Found a blossoming altar of Fedhas.
  4092 | D:4      | Found a hazy altar of Hepliaklqana.
  4095 | D:4      | Found a stormy altar of Qazlal.
  4097 | D:4      | Found a broken altar of Ashenzari.
  4217 | D:4      | Blown up by a great orb of eyes

Illustrated notes

Levels and vault maps discovered:
D:1:      roderic_octagonal_star, layout_basic
D:2:      layout_loops_ring
D:3:      layout_rooms, doesnt_xom_only_xom, hellmonk_ghost_happy_afterlife,
          saegor_snake_ambush
D:4:      layout_gridville, minitemple, overflow_temple_1_default

Skill      XL: |  1  2  3  4 |
---------------+-------------+-----
Spellcasting   | 3 4 |  4.6
Transmutations | 2 3 |  3.4
Short Blades   | 1 |  1.3
Poison Magic   | 4 |  4.2
Fighting       | |  0.6
Dodging        | |  3.3
Stealth        | |  3.6
Unarmed Combat | |  0.1
Air Magic      | |  0.4

Action                   |  1- 3 |  4- 6 || total
-------------------------+-------+-------++-------
Melee: Unarmed           |    21 |       ||    21
       Dagger            |    22 |    24 ||    46
 Cast: Sting             |    56 |    24 ||    80
       Poisonous Vapours |       |    11 ||    11
  Use: Scroll            |       |     5 ||     5
       Potion            |       |     4 ||     4
 Stab: Sleeping          |    10 |     1 ||    11
Armor: Robe              |     7 |     1 ||     8
Dodge: Dodged            |    45 |    38 ||    83
